 Dungeon Crawl Stone Soup version 0.26-a0-818-g75db068ed4 (webtiles) character file.

Game seed: 17192934758918379431

20 jasper the Chopper (level 2, -1/25 HPs)
             Began as a Palentonga Warper on Nov 14, 2020.
             Slain by Terence
             ... wielding a +0 trident
              (7 damage)
             ... on level 2 of the Dungeon.
             The game lasted 00:01:47 (1020 turns).

jasper the Chopper (Palentonga Warper)              Turns: 1020, Time: 00:01:47

Health: -1/25      AC:  4    Str: 14    XL:     2   Next: 58%
Magic:  5/5        EV:  9    Int: 13    God:
Gold:   49         SH:  0    Dex:  9    Spells: 5/5 levels left

rFire    . . .     SeeInvis +   a - +0 hand axe
rCold    . . .     Faith    .   (no shield)
rNeg     . . .     Spirit   .   b - +0 leather armour
rPois    .         Reflect  .   (no helmet)
rElec    .         Harm     .   (no cloak)
rCorr    .         Rampage  .   (no gloves)
MR       .....                  (no barding)
Stlth    +.........             (no amulet)
HPRegen  0.08/turn              (no ring)
MPRegen  0.09/turn              (no ring)

@: no status effects
A: large, rugged brown scales 3, see invisible, deformed body, roll 1, armoured
tail
a: Rolling Charge


You were on level 2 of the Dungeon.
You visited 1 branch of the dungeon, and saw 2 of its levels.

You collected 49 gold pieces.

Inventory:

Hand Weapons
 a - a +0 hand axe (weapon)
Missiles
 e - 2 boomerangs of dispersal (quivered)
 k - 15 stones
Armour
 b - a +0 leather armour (worn)
 m - a +0 plate armour
Jewellery
 g - a cursed ring of magical power {unknown}
Scrolls
 c - a scroll of magic mapping {unknown}
 d - a scroll of blinking
 f - 6 scrolls of identify {unknown}
 h - a scroll of teleportation {unknown}
 i - a scroll of remove curse {unknown}
 o - a scroll of fog {unknown}
Potions
 j - 2 potions of might {unknown}
 l - 2 potions of ambrosia {unknown}
 n - a potion of haste {unknown}
 p - 2 potions of curing {unknown}


   Skills:
 - Level 2.0 Fighting
 + Level 3.2 Axes
 - Level 0.6 Throwing
 - Level 0.7 Armour
 - Level 1.5 Dodging
 - Level 2.0 Spellcasting
   Level 3.0 Translocations


You had 5 spell levels left.
You didn't know any spells.
Your spell library contained the following spells:

 Spells                   Type           Power        Failure   Level
 Blink                    Tloc           N/A          14%         2
 Gell's Gravitas          Tloc           #.........   28%         3
 Lesser Beckoning         Tloc           #.........   28%         3
 Teleport Other           Tloc           #.......     28%         3
 Passage of Golubria      Tloc           N/A          67%         4


Dungeon Overview and Level Annotations

Branches:
Dungeon (2/15)

Altars:

Annotations:
D:2 Terence


Innate Abilities, Weirdness & Mutations

You are completely covered in rugged brown scales. (AC +3, +7% HP)
You have supernaturally acute eyesight. (SInv)
Armour fits poorly on your strangely shaped body.
You can roll at nearby foes to attack.
You have a long armoured tail.


Message History

You throw a boomerang of dispersal.
The boomerang of dispersal barely misses Terence.
Terence hits you but does no damage.
Throwing (i - inventory. (/) - cycle)
e - 4 boomerangs of dispersal (quivered)
Press: ? - help, Shift-Dir - straight line, f/p - Terence
Aim: Terence, wielding a +0 trident and wearing a +0 chain mail You throw a boomerang of dispersal.
The boomerang of dispersal barely misses Terence.
Terence hits you with a +0 trident!
* * * LOW HITPOINT WARNING * * *
Terence says, "How do you enjoy it?" Terence barely misses you.
You take 7 damage, and have 6/25 hp.
MASSIVE DAMAGE!!
Throwing (i - inventory. (/) - cycle)
e - 3 boomerangs of dispersal (quivered)
Press: ? - help, Shift-Dir - straight line, f/p - Terence
Aim: Terence, wielding a +0 trident and wearing a +0 chain mail You throw a boomerang of dispersal.
The boomerang of dispersal hits Terence but does no damage.
Terence hits you with a +0 trident!
You die...

#.. #.# #.#
##.### ....#
# #(#.# .#
#.#†##.#
#####).....#
#$.@@...<..#
#.###.#.#..#
#.#.#..#
#.#.#..#
#...#?.#
#.###..# #..
..# .# .##


You could see Terence.

Vanquished Creatures
  A dart slug (D:1)
  A bat (D:1)
  A giant cockroach (D:2)
  3 goblins (D:1)
  6 hobgoblins
  2 kobolds (D:1)
  A rat (D:1)
15 creatures vanquished.

Vanquished Creatures (others)
  A plant (D:1)
1 creature vanquished.

Grand Total: 16 creatures vanquished

Notes
Turn   | Place    | Note
-------+----------+-------------------------------------------
     0 | D:1      | jasper the Palentonga Warper began the quest for the Orb.
     0 | D:1      | Reached XP level 1. HP: 18/18 MP: 3/3
   133 | D:1      | Reached XP level 2. HP: 19/25 MP: 5/5
  1012 | D:2      | Noticed Terence
  1020 | D:2      | Slain by Terence

Illustrated notes

Levels and vault maps discovered:
D:1:      ncdulo_wetmaze, layout_loops_corners, nrook_mini_backslash,
          dk_noncrumbling_3, serial_bayou_pond_d
D:2:      layout_loops_corners, nicolae_tso_carved_into_rock,
          grunt_ministairs_2, minmay_pentomino_t4, uniq_terence

Skill      XL: |  1  2 |
---------------+-------+-----
Axes           | 3 |  3.2
Fighting       | |  2.0
Throwing       | |  0.6
Armour         | |  0.7
Dodging        | |  1.5
Spellcasting   | |  2.0
Translocations | |  3.0

Action                   || total
-------------------------++-------
Melee: Hand axe          ||    41
       Tailslap          ||     2
Throw: Boomerang         ||     3
 Abil: Rolling Charge    ||    15
Armor: Leather armour    ||    14
Dodge: Dodged            ||    10

Table legend: (Time is in decaauts)
 A = Elapsed time spent in this place.
 B = Non-inter-level travel time spent in this place.
 C = Inter-level travel time spent in this place.
 D = Time resting spent in this place.
 E = Time spent auto-exploring this place.
 F = Levels seen in this place.
 G = Mean time per level.
                   A        B        C        D        E       F      G
               +--------+--------+--------+--------+--------+-----+--------+
         Total |   1030 |    991 |     39 |     88 |    779 |   2 |  515.0 |
       Dungeon |   1030 |    991 |     39 |     88 |    779 |   2 |  515.0 |
               +--------+--------+--------+--------+--------+-----+--------+

Top non-repeatable levels by time:
     D:1: 1017 daAuts
     D:2: 12 daAuts
